Unix NetHack Version 5.0.0-0 post-release - last build May 31 2026 13:37:37 (4f47d67043fb8e84071ad9bc9740482a2de5bd5e,branch:main).

Game began 2026-05-31 14:25:11, ended 2026-05-31 15:33:10.

DiePARTEI, neutral female human Tourist

   --------
   |.......
   |...)..|
   |<)....|
   |..@J.d|
   |.....(.
   --------

DiePARTEI the Sightseer     St:14 Dx:9 Co:16 In:15 Wi:9 Ch:14  Neutral
Dlvl:9  $:1078 HP:0(45) Pw:21(21) AC:-5 Xp:5 T:3927  Burdened

Latest messages:
 The grid bug bites!
 You get zapped!
 You miss the grid bug.
 The grid bug misses!
 You kill the grid bug!
 What do you want to drop? [$a-pr-zA-FH-JL-Z or ?*] o
 You drop an uncursed pick-axe.
 You swap places with your large dog.
 You stop.  Your large dog is in the way!
 You see here an uncursed pick-axe.
 You have a little trouble lifting o - an uncursed pick-axe.
 You swap places with your large dog.
 You hear bubbling water.
 You fall down the stairs.
 What do you want to zap? [xyF or ?*] y
 In what direction? 6
 The sleep ray hits the jabberwock.
 You see here a crude dagger.
 In what direction? 8
 The dart misses the jabberwock.
 In what direction? 8
 The dart hits the jabberwock.
 In what direction? 8
 The dart hits the jabberwock.
 In what direction? 8
 The dart misses the jabberwock.
 The jabberwock just misses!
 The jabberwock misses!
 The jabberwock hits!
 The jabberwock hits again!
 The jabberwock bites!
 The jabberwock bites again!
 You die...
 But wait...
 Your medallion begins to glow!
 You feel much better!
 The medallion crumbles to dust!
 The jabberwock hits!
 The jabberwock hits again!
 You survived that attempt on your life.
 The jabberwock bites!
 The jabberwock bites again!
 The jabberwock hits!
 The jabberwock hits again!
 You die...
 Do you want your possessions identified? [ynq] (y) y
 Do you want to see your attributes? [ynq] (y) y
 Do you want an account of creatures vanquished? [ynaq] (y) y
 Do you want to see your conduct and achievements? [ynq] (y) y
 Do you want to see the dungeon overview? [ynq] (y) y

Inventory:
 Coins    ('$')
  $ - 1078 gold pieces
 Weapons  (')')
  a - 10 +2 darts (at the ready)
  t - 6 +1 darts
  J - 42 +0 darts
  O - a +1 dagger
  u - 4 +0 orcish daggers
  w - a +0 dwarvish short sword
 Armor    ('[')
  X - an uncursed +0 dwarvish iron helm (being worn)
  c - a blessed +2 pair of iron shoes (being worn)
  d - an uncursed +0 dwarvish roundshield (being worn)
  i - an uncursed +0 dwarvish cloak (being worn)
  P - an uncursed +0 mummy wrapping
  l - an uncursed +1 Hawaiian shirt with a hula dancer motif (being worn)
  C - an uncursed +0 banded mail (being worn)
  W - an uncursed +0 set of orange dragon scales
 Comestibles  ('%')
  b - 2 uncursed apples
  e - an uncursed banana
  Z - an uncursed clove of garlic
  g - an uncursed eucalyptus leaf
  f - 4 uncursed food rations
  H - an uncursed tripe ration
 Scrolls  ('?')
  N - an uncursed scroll of charging
  B - a blessed scroll of enchant weapon
  R - an uncursed scroll of enchant weapon
  z - a blessed scroll of magic mapping
  k - 5 uncursed scrolls of magic mapping
  V - a blessed scroll of remove curse
 Potions  ('!')
  T - an uncursed potion of confusion
  S - an uncursed potion of object detection
  L - a potion of holy water
 Rings    ('=')
  j - an uncursed +3 ring of increase accuracy
  Q - an uncursed ring of protection from shape changers (on right hand)
  s - an uncursed ring of regeneration (on left hand)
  U - an uncursed ring of regeneration
 Wands    ('/')
  x - a wand of light (0:10)
  y - a wand of sleep (0:2)
  F - a wand of undead turning (0:6)
 Tools    ('(')
  p - a fire horn (0:7)
  n - an uncursed credit card
  m - an expensive camera (0:79)
  r - an uncursed mirror
  o - a +0 pick-axe
 Gems/Stones  ('*')
  h - 2 uncursed worthless pieces of blue glass
  I - an uncursed worthless piece of orange glass
  A - 2 uncursed worthless pieces of red glass
  D - a cursed worthless piece of red glass
  Y - an uncursed worthless piece of white glass
  M - 2 uncursed worthless pieces of yellow glass
  v - an uncursed worthless piece of yellowish brown glass

DiePARTEI the Tourist's attributes:

Background:
 You were a Sightseer, a level 5 female human Tourist.
 You were neutral, on a mission for The Lady
 who was opposed by Blind Io (lawful) and Offler (chaotic).
 You were right-handed.
 You were in the Dungeons of Doom, on level 9.
 You entered the dungeon 3927 turns ago.
 There was a full moon in effect when your adventure ended.
 You had 288 experience points, 32 more were needed to attain level 6.

Basics:
 You had 0 out of 45 hit points.
 You had all 21 energy points (spell power).
 Your armor class was -5.
 Your wallet contained 1078 zorkmids.
 Autopickup was off.

Final Characteristics:
 Your strength was 14 (limit:18/100).
 Your dexterity was 9 (limit:18).
 Your constitution was 16 (peak:17, limit:18).
 Your intelligence was 15 (limit:18).
 Your wisdom was 9 (limit:18).
 Your charisma was 14 (limit:18).

Final Status:
 You weren't hungry.
 You were burdened; movement was slightly slowed.
 You were bare handed.
 You had basic skill with bare handed combat.

Final Attributes:
 You were piously aligned.
 Your items were somewhat protected from fire.
 Your items were somewhat protected from cold.
 You were telepathic.
 You regenerated.
 You were warded.
 You were protected from shape changers.
 You were lucky.
 You are dead (2nd time!).

Miscellaneous:
 You encountered 1 bones level.
 Total elapsed playing time was 41 minutes and 41 seconds.

Major events:
 Turn
    1: DiePARTEI the neutral female human Tourist entered the dungeon
 1225: attained the rank of Sightseer (level 3)
 3926: averted death (killed by a jabberwock)
 3927: killed by a jabberwock

You didn't know any spells.

Skills:
 Fighting Skills
   bare handed combat [Basic]
   two weapon combat  [Unskilled]
   riding             [Unskilled]
 Weapon Skills
   dagger             [Unskilled]
   knife              [Unskilled]
   axe                [Unskilled]
   pick-axe           [Unskilled]
   short sword        [Unskilled]
   broadsword         [Unskilled]
   long sword         [Unskilled]
   two-handed sword   [Unskilled]
   saber              [Unskilled]
   mace               [Unskilled]
   morning star       [Unskilled]
   flail              [Unskilled]
   hammer             [Unskilled]
   quarterstaff       [Unskilled]
   polearms           [Unskilled]
   spear              [Unskilled]
   trident            [Unskilled]
   lance              [Unskilled]
   bow                [Unskilled]
   sling              [Unskilled]
   crossbow           [Unskilled]
   dart               [Basic]
   shuriken           [Unskilled]
   boomerang          [Unskilled]
   whip               [Unskilled]
   unicorn horn       [Unskilled]
 Spellcasting Skills
   divination spells  [Unskilled]
   enchantment spells [Unskilled]
   escape spells      [Unskilled]

Voluntary challenges:
 Character rerolling was not enabled.
 You never genocided any monsters.
 You never polymorphed an object.
 You never changed form.
 You used no wishes.
Achievement:
 You attained the rank of Sightseer.

 The Dungeons of Doom: levels 1 to 9
    Level 1:
       Some fountains.
    Level 2:
    Level 3:
       Many fountains.
    Level 4:
       Some fountains.
    Level 5:
       A fountain.
    Level 6:
       Some fountains.
    Level 7:
    Level 8:
       An altar to The Lady, a fountain.
    Level 9: <- You were here.
       Final resting place for
          you, killed by a jabberwock,
          voidsouls-Ran-Hum-Fem-Neu, killed by a jabberwock,
          DosFlores-Tou-Hum-Mal-Neu, killed by an owlbear.


Vanquished creatures:
  2 wolves
  a lizard
  a raven
  2 imps
 an orc shaman
  2 yellow lights
  a shrieker
  a kobold mummy
  2 floating eyes
  2 dwarves
  a kobold leader
  5 rothes
 an iguana
 an acid blob
  2 coyotes
  6 manes
  a hobgoblin
  6 cave spiders
  2 geckos
  3 jackals
  3 kobolds
  6 goblins
  4 grid bugs
  4 lichens
  2 kobold zombies
  4 newts
66 creatures vanquished.

No species were genocided or became extinct.

Game over:
                       ----------
                      /          \
                     /    REST    \
                    /      IN      \
                   /     PEACE      \
                  /                  \
                  |    DiePARTEI     |
                  |     1078 Au      |
                  |   killed by a    |
                  |    jabberwock    |
                  |                  |
                  |                  |
                  |       2026       |
                 *|     *  *  *      | *
        _________)/\\_//(\/(/\)/\//\/|_)_______

Aloha DiePARTEI the Tourist...

You died in The Dungeons of Doom on dungeon level 9 with 1883 points,
and 1078 pieces of gold, after 3927 moves.
You were level 5 with a maximum of 45 hit points when you died.

